 Dungeon Crawl Stone Soup version 0.25.0-33-gff14898491 (webtiles) character file.

Game seed: 12123666483733364428

9492 Ethylacetat the Arsonist (level 11, -2/54 HPs)
             Began as a Deep Elf Fire Elementalist on July 6, 2020.
             Slain by an unseen horror (10 damage)
             ... on level 11 of the Dungeon.
             The game lasted 00:48:52 (12713 turns).

Ethylacetat the Arsonist (DEFE)                    Turns: 12713, Time: 00:48:52

Health: -2/54      AC:  5    Str:  5    XL:     11   Next: 23%
Magic:  0/36       EV: 13    Int: 24    God:
Gold:   661        SH:  0    Dex: 15    Spells: 23/31 levels left

rFire    . . .     SeeInvis .   C - +7 scimitar (elec)
rCold    . . .     Gourm    .   (no shield)
rNeg     . . .     Faith    .   a - +0 robe
rPois    .         Spirit   +   (no helmet)
rElec    .         Reflect  .   p - +2 cloak
rCorr    .         Harm     .   (no gloves)
MR       +....                  (no boots)
Stlth    +++.......             q - amulet of guardian spirit
HPRegen  0.18/turn              A - ring of stealth
MPRegen  0.25/turn              L - ring of magical power

@: no status effects
A: no striking features
a: no special abilities


You were on level 11 of the Dungeon.
You were not hungry.

You visited 2 branches of the dungeon, and saw 12 of its levels.
You also visited: Sewer.

You collected 661 gold pieces.

Inventory:

Hand Weapons
 C - a +7 scimitar of electrocution (weapon)
 M - the +7 flail "Sijeukk" {venom, Str+3}
   (You found it on level 10 of the Dungeon)

   It poisons the flesh of those it strikes.
   It affects your strength (+3).
Missiles
 E - 4 throwing nets (quivered)
Armour
 a - a +0 robe (worn)
 p - a +2 cloak (worn)
 z - the +1 chain mail of Sorcery {+Blink rF- rC+ Int+7}
   (You found it on level 6 of the Dungeon)

   It affects your intelligence (+7).
   It makes you vulnerable to fire.
   It protects you from cold.
   It lets you blink.
 F - a +1 scale mail of poison resistance
Jewellery
 q - an amulet of guardian spirit (around neck)
 A - a ring of stealth (left hand)
 L - a ring of magical power (right hand)
Wands
 y - a wand of polymorph (3)
 B - a wand of random effects (29)
 I - a wand of disintegration (10)
 N - a wand of flame (20)
Scrolls
 b - 6 scrolls of amnesia
 f - 3 scrolls of blinking
 g - 7 scrolls of identify
 h - 6 scrolls of enchant armour
 k - 4 scrolls of remove curse
 l - a scroll of fear {unknown}
 r - 4 scrolls of enchant weapon {unknown}
 s - 3 scrolls of magic mapping {unknown}
 t - 2 scrolls of random uselessness {unknown}
 v - 4 scrolls of teleportation {unknown}
 w - a scroll of immolation {unknown}
 D - 2 scrolls of fog {unknown}
Potions
 d - a potion of haste {unknown}
 i - a potion of berserk rage {unknown}
 j - 10 potions of curing {unknown}
 m - 2 potions of degeneration {unknown}
 n - 5 potions of mutation {unknown}
 u - 3 potions of lignification {unknown}
 x - a potion of ambrosia {unknown}
 G - a potion of stabbing {unknown}
 H - 3 potions of flight {unknown}
 J - a potion of might {unknown}
 K - a potion of magic {unknown}
Comestibles
 c - 22 rations


   Skills:
 - Level 2.4 Dodging
 - Level 2.4 Stealth
 + Level 10.6 Spellcasting
 * Level 12.0 Conjurations
 * Level 12.4 Fire Magic


You had 23 spell levels left.
You knew the following spells:

 Your Spells              Type           Power        Failure   Level  Hunger
a - Foxfire               Conj/Fire      ####         1%          1    None
b - Fireball              Conj/Fire      ######....   1%          5    ####...
c - Blink                 Tloc           N/A          8%          2    None

Your spell library contained the following spells:

 Spells                   Type           Power        Failure   Level  Hunger
 Magic Dart               Conj           ####         1%          1    None
 Conjure Flame            Conj/Fire      ######..     1%          3    None
 Inner Flame              Hex/Fire       #####...     1%          3    None
 Sticky Flame             Conj/Fire      ######..     1%          4    None
 Mephitic Cloud           Conj/Pois/Air  ####....     2%          3    None
 Summon Small Mammal      Summ           ##..         4%          1    None
 Call Imp                 Summ           ##......     8%          2    None
 Slow                     Hex            ##......     8%          2    None
 Call Canine Familiar     Summ           ##......     14%         3    None
 Summon Guardian Golem    Hex/Summ       ##......     14%         3    None
 Summon Ice Beast         Ice/Summ       ##......     43%         4    None
 Summon Lightning Spire   Summ/Air       ##......     43%         4    None


Dungeon Overview and Level Annotations

Branches:
Dungeon (11/15)            Temple (1/1) D:7            Lair (0/6) D:8
  Sewer (visited)
    Orc: D:9-12

Altars:
Cheibriados
Fedhas
Makhleb
Qazlal
Uskayaw
Vehumet
Xom

Shops:
D:9 (

Annotations:
D:8 3 runed translucent doors, kalagan's ghost, novice GrFi


Message History

* * * LOW HITPOINT WARNING * * *
You feel much better. Something hits you! Something hits you.
* * * LOW HITPOINT WARNING * * *
Something hits you but does no damage. Something hits you.
* * * LOW HITPOINT WARNING * * *
Something hits you but does no damage.
You closely miss something. Something hits you!
* * * LOW HITPOINT WARNING * * *
Something barely misses you.
You feel much better. Something completely misses you.
You hit something. Something barely misses you.
Something hits you but does no damage. Something hits you!
* * * LOW HITPOINT WARNING * * *
Something hits you!
* * * LOW HITPOINT WARNING * * *
Something hits you!
You die...

#....................#...# ..
.......[.............#...##..
..)....)......#..............
.#.....<......#..............
...####.##....#.............
#...#...(..........<.....#
#.......................######...
#..#...................#....#...
#. #...........@#...YY...##.....
####..#.........#...............
##....#.........###.............
#.........[......#..............
#.........#............T........
##.......>#..........###........
##.##................###........
##............##.......#..T......
.#.......#.)...........#.Y.......


There were no monsters in sight!

Vanquished Creatures
  Harold (D:7)
  A two-headed ogre (D:8)
  A centaur warrior (D:11)
  A centaur zombie (D:11)
  A troll (D:11)
  3 hippogriffs
  A spriggan (D:10)
  A vampire (D:10)
  7 yaks
  Grum (D:8)
  Duvessa (D:7)
  A porcupine (D:8)
  3 orc warriors
  A sky beast (D:9)
  3 black bears
  4 ice beasts
  4 phantoms
  4 wolves
  5 ogres
  2 centaurs
  2 crocodiles (D:8)
  10 bullfrogs
  Dowan (D:7)
  3 scorpions
  A howler monkey (D:6)
  5 crimson imps
  A bullfrog zombie (D:8)
  2 quasits
  2 hounds
  10 orc priests
  A bullfrog skeleton (D:5)
  2 jellies
  Jessica (D:2)
  9 orc wizards
  5 worker ants
  A hound zombie (D:9)
  2 hound skeletons
  A worker ant zombie (D:10)
  16 adders
  4 shadow imps
  9 oozes (Sewer)
  An adder skeleton (D:6)
  3 worms
  3 dart slugs
  12 leopard geckos
  28 orcs
  15 giant cockroaches
  8 goblins
  8 hobgoblins
  16 jackals
  3 quokkas
  11 ball pythons
  6 bats
  13 frilled lizards
  A jackal zombie (D:8)
  6 kobolds
  7 rats
275 creatures vanquished.

Vanquished Creatures (collateral kills)
  A kobold (D:1)
  A ball python (Sewer)
  5 frilled lizards
  A goblin (D:1)
8 creatures vanquished.

Vanquished Creatures (others)
  1379 foxfires
  A fungus (D:8)
1380 creatures vanquished.

Grand Total: 1663 creatures vanquished

Notes
Turn   | Place    | Note
-------+----------+-------------------------------------------
     0 | D:1      | Ethylacetat the Deep Elf Fire Elementalist began the quest
                  | for the Orb.
     0 | D:1      | Reached XP level 1. HP: 10/10 MP: 6/6
   215 | D:1      | Reached XP level 2. HP: 15/15 MP: 1/8
   801 | D:1      | Reached XP level 3. HP: 19/19 MP: 6/9
  1415 | D:2      | Noticed Jessica
  1420 | D:2      | Killed Jessica
  1590 | D:2      | Reached XP level 4. HP: 24/24 MP: 7/11
  1747 | D:2      | Reached XP level 5. HP: 28/28 MP: 4/13
  2244 | D:3      | Reached skill level 5 in Fire Magic
  2684 | D:3      | Reached XP level 6. HP: 32/32 MP: 8/14
  3485 | D:4      | Reached skill level 5 in Spellcasting
  3745 | D:4      | Reached skill level 5 in Conjurations
  3830 | D:4      | Reached XP level 7. HP: 36/36 MP: 9/16
  4014 | D:5      | Entered Level 5 of the Dungeon
  4877 | D:5      | Learned a level 5 spell: Fireball
  4968 | D:5      | Reached XP level 8. HP: 41/41 MP: 8/19
  5945 | D:6      | Learned a level 2 spell: Blink
  6010 | D:6      | Found a glowing drain.
  6014 | Sewer    | Entered a sewer
  6720 | D:6      | Found a shimmering altar of Xom.
  6730 | D:6      | Found a shimmering altar of Xom.
  6730 | D:6      | Found a shimmering altar of Xom.
  6731 | D:6      | Found a shimmering altar of Xom.
  6731 | D:6      | Found a shimmering altar of Xom.
  6732 | D:6      | Found a shimmering altar of Xom.
  6779 | D:6      | Reached XP level 9. HP: 45/45 MP: 7/22
  6897 | D:6      | Got a faintly humming chain mail
  6908 | D:6      | Identified the cursed +1 chain mail of Sorcery {+Blink rF-
                  | rC+ Int+7} (You found it on level 6 of the Dungeon)
  7264 | D:7      | Found a staircase to the Ecumenical Temple.
  7292 | Temple   | Entered the Ecumenical Temple
  7357 | D:7      | Noticed Dowan
  7362 | D:7      | Killed Dowan
  7365 | D:7      | Noticed Duvessa
  7372 | D:7      | Killed Duvessa
  8043 | D:7      | Noticed Harold
  8053 | D:7      | Killed Harold
  8053 | D:7      | Reached skill level 10 in Fire Magic
  8927 | D:8      | Noticed a two-headed ogre
  8936 | D:8      | Killed a two-headed ogre
  8936 | D:8      | Reached skill level 10 in Conjurations
  8936 | D:8      | Reached XP level 10. HP: 50/50 MP: 11/25
  9376 | D:8      | Found a staircase to the Lair.
  9482 | D:8      | Noticed Grum
  9724 | D:8      | Found a runed translucent gate.
  9724 | D:8      | Found a runed translucent gate.
  9727 | D:8      | Found a runed translucent gate.
  9729 | D:8      | Noticed a yaktaur captain
  9730 | D:8      | Noticed a cyclops
  9730 | D:8      | Noticed kalagan's ghost (novice GrFi)
 10090 | D:8      | Killed Grum
 10500 | D:9      | Found Xetz's Antique Weapon Emporium.
 11161 | D:10     | Entered Level 10 of the Dungeon
 11203 | D:10     | Got a shimmering flail
 11204 | D:10     | Identified the +7 flail "Sijeukk" {venom, Str+3} (You found
                  | it on level 10 of the Dungeon)
 11421 | D:10     | Reached skill level 10 in Spellcasting
 11880 | D:11     | Noticed a centaur warrior
 12005 | D:11     | Killed a centaur warrior
 12005 | D:11     | Reached XP level 11. HP: 38/54 MP: 13/27
 12713 | D:11     | Slain by an unseen horror

Illustrated notes

Levels and vault maps discovered:
D:1:      dpeg_arrival_tiny_h, layout_basic, serial_forest,
          infiniplex_forest_straight_2, infiniplex_forest_clump_diagonal,
          infiniplex_forest_clump_double, infiniplex_forest_side_room,
          infiniplex_forest_lined_3_way, infiniplex_forest_end_1,
          infiniplex_forest_join, infiniplex_forest_clump_diagonal,
          st_stairs_10, minmay_tree_intersection, grunt_decor_mini_mirrors
D:2:      layout_loops_ring, minmay_bisected, uniq_jessica
D:3:      layout_loops_ring, first_ration
D:4:      layout_cave_pools
D:5:      layout_loops_cross
D:6:      layout_cave_pools, xom_redecorated, serial_glass, glass_columns_a,
          glass_columns_a, glass_columns_a, glass_columns_a, glass_columns_a,
          glass_columns_c, glass_columns_a, glass_columns_b,
          gup_sewer_entry_bowl, skrybe_limestone_x, solitary_fountain,
          kennysheep_generic_room_11
D:7:      layout_basic, minmay_temple_entry_glass, serial_rivers,
          chequers_serial_rivers_micro_d, chequers_serial_rivers_micro_d,
          chequers_serial_rivers_small_b, chequers_serial_rivers_large_a,
          uniq_duvessa, uniq_harold
D:8:      minmay_chambers_of_sixes, layout_rooms,
          grunt_lair_entry_orc_guard_hut, gammafunk_ghost_split, uniq_grum
D:9:      layout_loops_corners, serial_shops, nicolae_shop_crystal
D:10:     layout_rooms, the_bakery
D:11:     layout_cave_pools, uniq_nergalle
Temple:   nicolae_temple_the_god_donut

Skill      XL: |  1  2  3  4  5  6  7  8  9 10 11 |
---------------+----------------------------------+-----
Conjurations   | 2 3 4 5 6 8 10 11 12 | 12.0
Fire Magic     | 4 5 6 7 8 10 12 | 12.4
Spellcasting   | 4 5 6 7 9 10 | 10.6
Dodging        | |  2.4
Stealth        | |  2.4

Action                   |  1- 3 |  4- 6 |  7- 9 | 10-12 || total
-------------------------+-------+-------+-------+-------++-------
Melee: Unarmed           |     3 |     7 |       |       ||    10
       Whip              |       |       |   152 |       ||   152
       Dagger            |       |       |    23 |       ||    23
       Scimitar          |       |       |     6 |    39 ||    45
 Cast: Foxfire           |    57 |   120 |   435 |   338 ||   950
       Fireball          |       |       |     4 |    12 ||    16
       Blink             |       |       |     1 |       ||     1
  Use: Scroll            |       |       |     5 |       ||     5
       Potion            |       |       |       |     2 ||     2
 Stab: Sleeping          |       |       |     1 |       ||     1
  Eat: Chunk             |     2 |     7 |    13 |    14 ||    36
       Ration            |       |       |     1 |       ||     1
Armor: Robe              |     5 |     1 |    52 |    34 ||    92
Dodge: Dodged            |    16 |    10 |   117 |    83 ||   226
       Rpst.: Scimitar   |       |       |     3 |    18 ||    21
